 Dungeon Crawl Stone Soup version 0.30-a0-918-g0ff054e9dc (webtiles) character file.

Game seed: 16145432849364135231

15 qeuew the Shield-Bearer (level 2, -4/24 HPs)
             Began as a Formicid Fighter on Mar 20, 2023.
             Killed by nerve-wracking pain
             ... invoked by Jessica
              (11 damage)
             ... on level 2 of the Dungeon.
             The game lasted 00:01:00 (884 turns).

qeuew the Shield-Bearer (Formicid Fighter)           Turns: 884, Time: 00:01:00

Health: -4/24      AC:  6    Str: 20    XL:     2   Next: 65%
Magic:  2/2        EV:  9    Int:  7    God:
Gold:   58         SH:  6    Dex: 19    Spells: 1/1 levels left

rFire   . . .      SeeInvis +    a - +0 war axe
rCold   . . .      Faith    .    c - +0 buckler
rNeg    . . .      Spirit   .    b - +0 scale mail
rPois   .          Reflect  .    (helmet unavailable)
rElec   .          Rampage  .    (no cloak)
rCorr   .                        (no gloves)
Will    .....                    (no boots) Stlth
                                 (no amulet)
HPRegen 0.24/turn                j - +6 ring of dexterity
MPRegen 0.08/turn                (no ring)

@: mighty
A: permanent stasis, dig shafts and tunnels, antennae 3, four strong arms
a: Dig, Shaft Self


You were on level 2 of the Dungeon.
You visited 1 branch of the dungeon, and saw 2 of its levels.

You collected 58 gold pieces.

Inventory:

Hand Weapons
 a - a +0 war axe (weapon)
Armour
 b - a +0 scale mail (worn)
 c - a +0 buckler (worn)
Jewellery
 j - a +6 ring of dexterity (left hand)
Scrolls
 e - a scroll of vulnerability {unknown}
Potions
 h - a potion of invisibility


   Skills:
 + Level 3.5 Fighting
 * Level 2.3 Axes
 * Level 3.5 Armour
 + Level 4.2 Shields


You had one spell level left.
You didn't know any spells.
Your spell library contained the following spells:

 Spells                   Type           Power      Damage    Failure   Level
 Lesser Beckoning         Tloc           0%         N/A       94%         2
 Momentum Strike          Conj/Tloc      0%         3d8       94%         2
 Dazzling Flash           Conj/Hex       0%         N/A       99%         3
 Agony                    Necr           0%         N/A       100%        5
 Silence                  Hex/Air        0%         N/A       100%        5
 Blink                    Tloc           Unusable   N/A       N/A         2

Dungeon Overview and Level Annotations

Branches:
Dungeon (2/15)

Altars:

Annotations:
D:2 Jessica


Innate Abilities, Weirdness & Mutations

You cannot be hasted, slowed, berserked, paralysed or teleported.
You can dig through walls and to a lower floor.
You have a pair of large antennae on your head. (SInv)
Your four strong arms can wield two-handed weapons with a shield.


Message History

Found a scroll labelled LORRYLI JEOFAJUBB.
There is a stone staircase leading up here.
e - a scroll labelled LORRYLI JEOFAJUBB
Found a leather armour.
You see here a +0 leather armour.
You now have 58 gold pieces (gained 9).
Jessica the Apprentice Sorceress comes into view.
She is wielding a +0 dagger.
Found a scroll labelled KEUSTOAPRU.
Jessica shouts!
Jessica is nearby!
Found a sling.
Jessica casts a spell at you. Pain shoots through your body!
Ouch! That really hurt!
You are too injured to fight recklessly!
You are too injured to fight recklessly!
You are too injured to fight recklessly!
You are too injured to fight recklessly!
You are too injured to fight recklessly!
You are too injured to fight recklessly!
You are too injured to fight recklessly!
You are too injured to fight recklessly!
You are too injured to fight recklessly!
You are too injured to fight recklessly!
You are too injured to fight recklessly!
You are too injured to fight recklessly!
Unknown command.
You completely miss Jessica. Jessica hits you with a +0 dagger.
You barely miss Jessica. Jessica hits you with a +0 dagger.
* * * LOW HITPOINT WARNING * * *
Jessica hits you but does no damage.
You hit Jessica.
Jessica is heavily wounded.
Jessica casts a spell.
Jessica blinks!
Unknown command.
You feel very mighty all of a sudden. Jessica gestures at you while chanting.
Pain shoots through your body!
You die...

.).... .......##
.........
........##########
.............?...#
.8....@..........#
...8.............#
.......?..@ยง.....#
#.#
........##########
#.#
........#########
#.#
...........[....#
#.#
.......########.#
#.# ....... #.###.#
#.# .......
#.....### #.#
$..8... #.#.....#
##.# .8.....
#.###.###..#


You could see Jessica.

Vanquished Creatures
  4 ball pythons (D:1)
  A goblin (D:1)
  3 hobgoblins (D:1)
  A kobold (D:1)
  A quokka (D:1)
  2 bats (D:1)
  2 rats (D:1)
14 creatures vanquished.

Notes
Turn   | Place    | Note
-------+----------+-------------------------------------------
     0 | D:1      | qeuew the Formicid Fighter began the quest for the Orb.
     0 | D:1      | Reached XP level 1. HP: 18/18 MP: 1/1
   203 | D:1      | Reached XP level 2. HP: 24/24 MP: 2/2
   877 | D:2      | Noticed Jessica
   884 | D:2      | Killed from afar by Jessica

Illustrated notes

Levels and vault maps discovered:
D:1:      erik_arrival_cave_to_civilisation [erik_arrival_cave_to_hall],
          layout_loops_ring
D:2:      wad_pebble_path, layout_basic, serial_shops,
          nicolae_shop_advertising_works [nicolae_subvault_shop_adworks],
          basic_altar, uniq_robin, uniq_jessica

Action                     || total
---------------------------++-------
  Melee: War axe           ||    32
    Use: Scroll            ||     5
         Potion            ||     1
 Armour: Scale mail        ||    17
  Dodge: Dodged            ||     8
  Block: Buckler           ||     6

Table legend: (Time is in decaauts)
 A = Elapsed time spent in this place.
 B = Non-inter-level travel time spent in this place.
 C = Inter-level travel time spent in this place.
 D = Time resting spent in this place.
 E = Time spent auto-exploring this place.
 F = Levels seen in this place.
 G = Mean time per level.
                   A        B        C        D        E       F      G
               +--------+--------+--------+--------+--------+-----+--------+
         Total |    896 |    847 |     49 |      0 |    723 |   2 |  448.0 |
       Dungeon |    896 |    847 |     49 |      0 |    723 |   2 |  448.0 |
               +--------+--------+--------+--------+--------+-----+--------+

Top non-repeatable levels by time:
     D:1: 853 daAuts
     D:2: 43 daAuts
